 Dungeon Crawl Stone Soup version 0.30-a0-691-g754fce4c43 (webtiles) character file.

Game seed: 9282058025080290407

742 Citaku the Covered (level 8, -2/65 HPs)
             Began as a Formicid Fighter on Jan 19, 2023.
             Was an Initiate of Gozag.
             Slain by a gnoll
             ... wielding a +0 flail
              (8 damage)
             ... on level 6 of the Dungeon.
             The game lasted 00:07:37 (4898 turns).

Citaku the Covered (Formicid Fighter)               Turns: 4898, Time: 00:07:38

Health: -2/65      AC:  7    Str: 23    XL:     8   Next: 5%
Magic:  8/8        EV:  9    Int:  8    God:    Gozag
Gold:   256        SH:  5    Dex: 13    Spells: 7/7 levels left

rFire   . . .      SeeInvis +    a - +1 war axe
rCold   . . .      Faith    .    c - +0 buckler
rNeg    . . .      Spirit   .    b - +0 scale mail
rPois   .          Reflect  .    (helmet unavailable)
rElec   .          Harm     .    (no cloak)
rCorr   .          Rampage  .    (no gloves)
Will    .....                    (no boots) Stlth
                                 (no amulet)
HPRegen 0.30/turn                (no ring)
MPRegen 0.11/turn                (no ring)

@: no status effects
A: permanent stasis, dig shafts and tunnels, antennae 3, four strong arms
a: Dig, Shaft Self, Renounce Religion, Potion Petition, Call Merchant, Bribe
Branch


You were on level 6 of the Dungeon.
You worshipped Gozag.
Gozag was aware of your devotion.
You visited 2 branches of the dungeon, and saw 7 of its levels.

You collected 365 gold pieces.
You paid 109 gold pieces to Gozag.

Inventory:

Hand Weapons
 a - a +1 war axe (weapon)
Armour
 b - a +0 scale mail (worn)
 c - a +0 buckler (worn)
Wands
 p - a wand of iceblast (21)
 r - a wand of flame (19)
Scrolls
 e - 2 scrolls of fog
 f - a scroll of enchant weapon
Potions
 d - a potion of ambrosia
 g - a potion of cancellation
 i - 2 potions of curing
 j - a potion of resistance
 k - 3 potions of haste {unknown}
 l - a potion of attraction {unknown}
 n - 3 potions of degeneration {unknown}
 q - 3 potions of mutation
 s - 2 potions of brilliance {unknown}
 u - a potion of lignification {unknown}
 w - a potion of magic {unknown}
 x - a potion of heal wounds {unknown}


   Skills:
 * Level 6.6 Fighting
 - Level 2.0 Axes
 * Level 6.6 Armour
 + Level 6.2 Shields


You had 7 spell levels left.
You didn't know any spells.
Your spell library contained the following spells:

 Spells                   Type           Power      Damage    Failure   Level
 Freeze                   Ice            0%         1d3       77%         1
 Necrotise                Necr           0%         1d4       77%         1
 Sandblast                Erth           0%         2d4       77%         1
 Passwall                 Tmut/Erth      0%         N/A       88%         2
 Dazzling Flash           Conj/Hex       0%         N/A       98%         3
 Frozen Ramparts          Ice            0%         1d1       98%         3
 Hailstorm                Conj/Ice       0%         3d3       98%         3
 Stone Arrow              Conj/Erth      0%         3d7       98%         3
 Vampiric Draining        Necr           0%         2d6       98%         3
 Agony                    Necr           0%         N/A       100%        5
 Silence                  Hex/Air        0%         N/A       100%        5


Dungeon Overview and Level Annotations

Branches:
Dungeon (6/15)             Temple (1/1) D:5

Altars:
Ashenzari
Cheibriados
Dithmenos
Fedhas
Gozag
Hepliaklqana
Kikubaaqudgha
Okawaru
Qazlal
Ru
Sif Muna
Trog
Uskayaw
Vehumet
Wu Jian
Xom
Yredelemnul
The Shining One


Innate Abilities, Weirdness & Mutations

You cannot be hasted, slowed, berserked, paralysed or teleported.
You can dig through walls and to a lower floor.
You have a pair of large antennae on your head. (SInv)
Your four strong arms can wield two-handed weapons with a shield.


Message History

The gnoll is no longer distracted by gold.
The gnoll shouts!
You slash the kobold!
You kill the kobold!
You feel sick.
You are no longer poisoned.
The gnoll misses you.
A gnoll comes into view. It is wielding a +0 flail.
You hit the gnoll.
The gnoll is lightly wounded.
The gnoll hits you with a +0 flail of protection.
You block the gnoll's attack. The gnoll barely misses you.
You barely miss the gnoll. You slash the gnoll! The gnoll barely misses you.
The gnoll hits you but does no damage.
You hit the gnoll.
The gnoll is almost dead.
You barely miss the gnoll. The gnoll barely misses you.
You block the gnoll's attack. The gnoll closely misses you.
The gnoll hits you with a +0 flail.
The gnoll is distracted by your dazzling golden aura.
The gnoll shouts!
Things that are here:
6 gold pieces; a +0 dagger; 5 poisoned darts You barely miss the gnoll.
You closely miss the gnoll. You hit the gnoll but do no damage.
The gnoll is no longer distracted by gold.
The gnoll hits you with a +0 whip.
The gnoll hits you with a +0 flail of protection.
The gnoll hits you with a +0 flail.
* * * LOW HITPOINT WARNING * * *
The gnoll hits you with a +0 flail!
* * * LOW HITPOINT WARNING * * *
You block the gnoll's attack.
The gnoll hits you with a +0 flail of protection.
* * * LOW HITPOINT WARNING * * *
You are too injured to fight recklessly!
Okay, then.
The gnoll barely misses you. The gnoll hits you with a +0 flail!
You die...
Your body crumbles into a pile of gold.

.. .... # $ ... .g.g .##
...####..####..
......#g. #...#
..$...... ...###.......
......{.# #g##.......#
......K.# #@$##......#
......K.#####gg........#
.#........##..........##
##....................#
. #...................#
#). ####...###.........#
....
##..............##....#
#......#.............#
#########.....<.....#


You could see 3 gnolls.

Vanquished Creatures
  A water moccasin (D:6)
  A black bear (D:4)
  An ogre (D:4)
  A kobold brigand (D:6)
  A scorpion (D:4)
  A necrophage (D:5)
  A jelly (D:4)
  2 iguanas
  Natasha (twice) (D:4)
  2 adders
  A gnoll (D:1)
  2 white imps
  An ufetubus (D:5)
  3 dart slugs
  7 orcs (D:3)
  3 ball pythons
  5 endoplasms
  4 giant cockroaches
  9 goblins
  5 hobgoblins
  11 kobolds
  3 quokkas
  4 bats (D:1)
  A frilled lizard (D:1)
  6 rats
78 creatures vanquished.

Notes
Turn   | Place    | Note
-------+----------+-------------------------------------------
     0 | D:1      | Citaku the Formicid Fighter began the quest for the Orb.
     0 | D:1      | Reached XP level 1. HP: 18/18 MP: 1/1
   102 | D:1      | Reached XP level 2. HP: 22/24 MP: 2/2
   318 | D:1      | Reached XP level 3. HP: 29/30 MP: 3/3
  1173 | D:2      | Reached XP level 4. HP: 31/37 MP: 4/4
  1195 | D:2      | You fall into a shaft and drop 2 floors!
  1795 | D:3      | Reached XP level 5. HP: 43/43 MP: 5/5
  2357 | D:4      | Noticed a black bear
  2368 | D:4      | Killed a black bear
  2369 | D:4      | Reached skill level 5 in Fighting
  2369 | D:4      | Reached skill level 5 in Armour
  2369 | D:4      | Reached skill level 5 in Shields
  2369 | D:4      | Reached XP level 6. HP: 9/51 MP: 6/6
  2754 | D:4      | Noticed an ogre
  2760 | D:4      | Killed an ogre
  2765 | D:4      | Reached XP level 7. HP: 35/57 MP: 7/7
  3064 | D:4      | Noticed Natasha
  3071 | D:4      | Killed Natasha
  3302 | D:4      | Noticed Natasha
  3309 | D:4      | Killed Natasha
  3458 | D:5      | Entered Level 5 of the Dungeon
  4059 | D:5      | Found a staircase to the Ecumenical Temple.
  4259 | Temple   | Entered the Ecumenical Temple
  4437 | Temple   | Became a worshipper of Gozag Ym Sagoz the Greedy
  4687 | D:6      | Noticed a water moccasin
  4702 | D:6      | Killed a water moccasin
  4892 | D:6      | Reached XP level 8. HP: 41/65 MP: 8/8
  4898 | D:6      | Slain by a gnoll

Illustrated notes

Levels and vault maps discovered:
D:1:      lemuel_arrival_rhombus, layout_basic, minivault_23
D:2:      layout_rooms, serial_curves, eino_curves_04, eino_curves_02,
          eino_curves_03, eino_curves_01
D:3:      layout_loops_cross, minmay_randomly_rotated_circles
D:4:      layout_cave_pods, amethyst_killhole, st_stairs_1,
          minmay_misc_feat_pillars, uniq_natasha
D:5:      layout_gridville, minmay_temple_entry_glassed_door
D:6:      hellmonk_ruined_rings, layout_cave_pools
Temple:   dpeg_five_rooms_temple

Skill      XL: |  1  2  3  4  5  6  7 |
---------------+----------------------+-----
Fighting       | 4 5 6 |  6.6
Armour         | 4 5 6 |  6.6
Shields        | 5 6 |  6.2
Axes           | |  2.0

Action                   |  1- 3 |  4- 6 |  7- 9 || total
-------------------------+-------+-------+-------++-------
Melee: War axe           |    65 |    73 |    79 ||   217
  Use: Potion            |       |     2 |     1 ||     3
       Scroll            |       |       |    13 ||    13
Armor: Scale mail        |    30 |    33 |    52 ||   115
Dodge: Dodged            |    28 |    36 |    46 ||   110
Block: Buckler           |    17 |    18 |    27 ||    62

Table legend: (Time is in decaauts)
 A = Elapsed time spent in this place.
 B = Non-inter-level travel time spent in this place.
 C = Inter-level travel time spent in this place.
 D = Time resting spent in this place.
 E = Time spent auto-exploring this place.
 F = Levels seen in this place.
 G = Mean time per level.
                   A        B        C        D        E       F      G
               +--------+--------+--------+--------+--------+-----+--------+
         Total |   4993 |   4629 |    364 |    162 |   3807 |   7 |  713.3 |
       Dungeon |   4701 |   4368 |    333 |    162 |   3560 |   6 |  783.5 |
        Temple |    291 |    260 |     31 |      0 |    247 |   1 |  291.0 |
               +--------+--------+--------+--------+--------+-----+--------+

Top non-repeatable levels by time:
     D:4: 1433 daAuts
     D:1: 1027 daAuts
     D:3: 758 daAuts
     D:5: 727 daAuts
     D:2: 531 daAuts
  Temple: 291 daAuts
     D:6: 222 daAuts
